 Dungeon Crawl Stone Soup version 0.26-a0-651-gb41185065b (webtiles) character file.

Game seed: 16025982031006513251

172 Flugslaktarn the Covered (level 5, -2/50 HPs)
             Began as a Deep Dwarf Fighter on Oct 4, 2020.
             Slain by an ogre
             ... wielding a +0 giant spiked club
              (21 damage)
             ... on level 5 of the Dungeon.
             The game lasted 00:01:02 (1131 turns).

Flugslaktarn the Covered (Deep Dwarf Fighter)       Turns: 1131, Time: 00:01:02

Health: -2/50      AC:  8    Str: 19    XL:     5   Next: 27%
Magic:  2/2        EV:  7    Int:  9    God:
Gold:   93         SH:  9    Dex: 13    Spells: 4/4 levels left

rFire    . . .     SeeInvis .   a - +0 war axe
rCold    . . .     Faith    .   c - +0 kite shield
rNeg     . . .     Spirit   .   b - +0 scale mail
rPois    .         Reflect  .   (no helmet)
rElec    .         Harm     .   (no cloak)
rCorr    .         Rampage  .   (no gloves)
MR       .....                  e - +0 pair of boots
Stlth    ..........             (no amulet)
HPRegen  0.00/turn              (no ring)
MPRegen  0.08/turn              (no ring)

@: non-regenerating
A: damage resistance, heal wounds, sense surroundings 1, no regeneration
a: Heal Wounds


You were on level 5 of the Dungeon.
You visited 1 branch of the dungeon, and saw 5 of its levels.

You collected 93 gold pieces.

Inventory:

Hand Weapons
 a - a +0 war axe (weapon)
Armour
 b - a +0 scale mail (worn)
 c - a +0 kite shield (worn)
 e - a +0 pair of boots (worn)
   (You found it on level 1 of the Dungeon)
Jewellery
 k - a +6 ring of strength {unknown}
   (You found it on level 3 of the Dungeon)
Scrolls
 g - a scroll of magic mapping {unknown}
 h - 5 scrolls of identify {unknown}
 i - 2 scrolls of teleportation {unknown}
 m - 2 scrolls of remove curse {unknown}
 q - a scroll of fear {unknown}
Potions
 d - a potion of might
 f - 5 potions of curing {unknown}
 j - a potion of berserk rage {unknown}
 l - a potion of magic {unknown}
 n - a potion of flight {unknown}
 o - a potion of resistance {unknown}
 p - a potion of stabbing {unknown}


   Skills:
 * Level 3.8 Fighting
 * Level 3.9 Axes
 + Level 4.0 Armour
 + Level 3.9 Shields


You had 4 spell levels left.
You didn't know any spells.
Your spell library was empty.

Dungeon Overview and Level Annotations

Branches:
Dungeon (5/15)
 Temple: D:4-7

Altars:


Innate Abilities, Weirdness & Mutations

You are resistant to damage.
You can heal yourself by infusing magical energy.
You passively map a small area around you.
You do not regenerate.


Message History

The ogre is almost dead.
You miss the jackal.
The jackal bites you but does no damage.
The ogre hits you with a +0 giant spiked club.
You block the jackal's attack.
Your shield prevents you from hitting the ogre.
The ogre is almost dead.
You closely miss the jackal. The jackal bites you. You block the ogre's attack.
The jackal bites you.
Your shield and scale mail prevent you from hitting the ogre.
The ogre is almost dead.
You barely miss the jackal. You block the jackal's attack.
The ogre hits you with a +0 giant spiked club!
You hit the ogre.
The ogre is almost dead.
You hit the jackal but do no damage.
The jackal bites you but does no damage.
You block the jackal's attack.
The ogre hits you with a +0 giant spiked club!!
You die...

, , * ....,..,
....##.,,* , ....... *
.......###### ,
.........##.# ,
.........#..###
......O.......#
,#....h@...#..##### ,
#....))...##...#.## *
...................#
......)............#
.......##....###...###
* ,.......
##...........### *
.......
#.#....>#<..... *
...####
##..#...#......
########......


You could see an ogre and a jackal.

Vanquished Creatures
  An orc priest (D:3)
  6 adders
  A shadow imp (D:5)
  An ooze (D:5)
  4 worms
  4 dart slugs
  8 orcs
  3 giant cockroaches
  4 goblins
  2 hobgoblins (D:2)
  3 jackals (D:5)
  A quokka (D:3)
  5 bats
  2 frilled lizards
  6 kobolds
  A quokka skeleton (D:5)
  2 rats
54 creatures vanquished.

Vanquished Creatures (others)
  A plant (D:2)
1 creature vanquished.

Grand Total: 55 creatures vanquished

Notes
Turn   | Place    | Note
-------+----------+-------------------------------------------
     0 | D:1      | Flugslaktarn the Deep Dwarf Fighter began the quest for the
                  | Orb.
     0 | D:1      | Reached XP level 1. HP: 20/20 MP: 1/1
   143 | D:2      | Reached XP level 2. HP: 18/27 MP: 2/2
   316 | D:2      | Reached XP level 3. HP: 27/34 MP: 2/2
   597 | D:3      | Reached XP level 4. HP: 42/42 MP: 2/2
  1021 | D:5      | Entered Level 5 of the Dungeon
  1041 | D:5      | Reached XP level 5. HP: 49/50 MP: 3/3
  1113 | D:5      | Reached skill level 4 in Armour
  1115 | D:5      | Noticed an ogre
  1131 | D:5      | Slain by an ogre

Illustrated notes

Levels and vault maps discovered:
D:1:      minmay_arrival_up_and_down, layout_basic, chequers_jeans
D:2:      layout_loops_ring, serial_bayou_pond_c, serial_bayou_pond_d,
          minmay_tripent
D:3:      layout_loops_corners, minmay_cut_off, uniq_jessica
D:4:      layout_gridville, gammafunk_ghost_gnarly_gnolls, hex_medium,
          uniq_grinder
D:5:      minmay_clustersquares, layout_cave_pools,
          minmay_temple_entry_nine_rooms, chequers_serial_rivers_room_b

Skill      XL: |  1  2  3  4  5 |
---------------+----------------+-----
Fighting       | 3 |  3.8
Axes           | 3 |  3.9
Armour         | 4 |  4.0
Shields        | |  3.9

Action                   |  1- 3 |  4- 6 || total
-------------------------+-------+-------++-------
Melee: War axe           |    97 |    78 ||   175
 Abil: Heal Wounds       |     2 |     3 ||     5
Armor: Scale mail        |    43 |    50 ||    93
Dodge: Dodged            |    35 |    29 ||    64
Block: Kite shield       |    55 |    68 ||   123

Table legend: (Time is in decaauts)
 A = Elapsed time spent in this place.
 B = Non-inter-level travel time spent in this place.
 C = Inter-level travel time spent in this place.
 D = Time resting spent in this place.
 E = Time spent auto-exploring this place.
 F = Levels seen in this place.
 G = Mean time per level.
                   A        B        C        D        E       F      G
               +--------+--------+--------+--------+--------+-----+--------+
         Total |   1203 |   1143 |     60 |      0 |    654 |   5 |  240.6 |
       Dungeon |   1203 |   1143 |     60 |      0 |    654 |   5 |  240.6 |
               +--------+--------+--------+--------+--------+-----+--------+

Top non-repeatable levels by time:
     D:2: 436 daAuts
     D:3: 422 daAuts
     D:5: 122 daAuts
     D:1: 118 daAuts
     D:4: 103 daAuts
